 Dungeon Crawl Stone Soup version 0.23.2-33-g5129a83184 (webtiles) character file.

Game seed: 5772704423985052825

627067 Rasgorn the Hoplite (level 27, -17/254 HPs)
             Began as a Minotaur Berserker on July 2, 2019.
             Was a High Priest of Trog.
             Killed from afar by an orb of fire (49 damage)
             ... with a bolt of fire
             ... on level 5 of the Realm of Zot on July 9, 2019.
             The game lasted 10:53:11 (64682 turns).

Rasgorn the Hoplite (Minotaur Berserker)           Turns: 64682, Time: 10:53:11

Health: -17/254    AC: 48    Str: 27    XL:     27
Magic:  0/10       EV: 23    Int:  2    God:    Trog [*****.]
Gold:   2605       SH: 36    Dex: 17    Spells: 26/26 levels left

rFire    + . .     SeeInvis .   a - +9 broad axe (antimagic)
rCold    + . .     Gourm    .   E - +6 large shield
rNeg     + + .     Faith    .   F - +10 plate armour of Tiuxoh {rElec Regen+}
rPois    +         Spirit   +   A - +2 hat of the Bear Spirit {Spirit, +Rage rN+ MR++}
rElec    +         Reflect  .   C - +2 cloak {+Inv}
rCorr    .         Harm     .   D - +2 pair of gloves {Str+3}
MR       +++++                  B - +2 pair of boots {Fly}
Stlth    +.........             I - amulet of regeneration
HPRegen  2.32/turn              J - ring of Wenaniz {rPois rN+ AC+3 Int-4}
MPRegen  0.12/turn              g - ring of protection from fire

@: regenerating
A: retaliatory headbutt, horns 2, large bone plates 1, blink, cold resistance 1,
dopey 1, screaming 1, sturdy frame 1
}: 3/15 runes: decaying, serpentine, slimy
a: Blink, Berserk, Trog's Hand, Brothers in Arms, Renounce Religion, Evoke
Berserk Rage, Evoke Invisibility, Evoke Flight


You were on level 5 of the Realm of Zot.
You worshipped Trog.
Trog was extremely pleased with you.
You were not hungry.

You visited 10 branches of the dungeon, and saw 53 of its levels.
You visited 1 bazaar.
You also visited: Gauntlet.

You collected 7700 gold pieces.
You spent 5095 gold pieces at shops.

Inventory:

Hand Weapons
 a - a +9 antimagic broad axe (weapon)
 b - the +2 war axe of Chaos {speed, rElec Str+2 Int+4}
   (Trog gifted it to you on level 5 of the Depths)

   Attacks with this weapon are significantly faster.
   It affects your strength (+2).
   It affects your intelligence (+4).
   It insulates you from electricity.
 Z - a +6 double sword of flaming
Missiles
 d - 7 javelins of penetration (quivered)
Armour
 A - the +2 hat of the Bear Spirit (worn) {Spirit, +Rage rN+ MR++}
   (You found it on level 3 of the Elven Halls)

   It protects you from negative energy.
   It affects your resistance to hostile enchantments.
   It lets you go berserk.
 B - a +2 pair of boots of flying (worn)
 C - a +2 cloak of invisibility (worn)
 D - a +2 pair of gloves of strength (worn)
 E - a +6 large shield (worn)
 F - the +10 plate armour of Tiuxoh (worn) {rElec Regen+}
   (You found it on level 5 of the Pits of Slime)

   It insulates you from electricity.
   It increases your rate of regeneration.
 G - +3 gold dragon scales
Jewellery
 c - an uncursed ring of resist corrosion
 g - a ring of protection from fire (right hand)
 I - an amulet of regeneration (around neck)
 J - the ring of Wenaniz (left hand) {rPois rN+ AC+3 Int-4}
   (You found it on level 2 of the Lair of Beasts)

   [ring of protection]

   It affects your AC (+3).
   It affects your intelligence (-4).
   It protects you from poison.
   It protects you from negative energy.
 K - the ring "Jycucwer" {+Fly rElec SInv}
   (You found it in a Gauntlet)

   [ring of see invisible]

   It insulates you from electricity.
   It lets you see invisible.
   It lets you fly.
Wands
 l - a wand of digging (16)
 p - a wand of clouds (4)
 t - a wand of enslavement (9)
 H - a wand of paralysis (39)
 L - a wand of scattershot (7)
 M - a wand of random effects (22)
 N - a wand of polymorph (26)
 P - a wand of iceblast (14)
 R - a wand of acid (29)
Scrolls
 e - 7 scrolls of fog
 i - 13 scrolls of identify
 m - 18 scrolls of teleportation
 n - a scroll of silence
 q - 7 scrolls of remove curse
 r - 2 scrolls of enchant weapon
 v - 7 scrolls of magic mapping
 y - a scroll of summoning
 z - 3 scrolls of blinking
 U - a scroll of brand weapon
Potions
 f - 3 potions of cancellation
 h - 4 potions of might
 j - 19 potions of curing
 k - a potion of haste
 o - 4 potions of invisibility
 s - 3 potions of brilliance
 u - a potion of magic
 w - 7 potions of lignification
 x - 6 potions of agility
 Q - a potion of flight
 V - 2 potions of berserk rage
 X - 2 potions of heal wounds
 Y - 2 potions of resistance
Miscellaneous
 T - 3 phantom mirrors
Comestibles
 O - 6 chunks of flesh
 S - 57 rations


   Skills:
 + Level 22.2 Fighting
 - Level 16.0 Long Blades
 - Level 17.5(18.6) Axes
   Level 11.9(16.0) Maces & Flails
 + Level 24.3 Armour
 + Level 22.0 Dodging
 - Level 10.0 Stealth
 - Level 25.0 Shields
 + Level 12.7 Evocations


You had 26 spell levels left.
You didn't know any spells.
Your spell library contained the following spells:

 Spells                   Type           Power        Failure   Level  Hunger
 Animate Skeleton         Necr           N/A          87%         1    ##.....
 Apportation              Tloc           #.....       87%         1    ##.....
 Confusing Touch          Hex            #.....       87%         1    ##.....
 Corona                   Hex            #......      87%         1    ##.....
 Flame Tongue             Conj/Fire      #....        87%         1    ##.....
 Freeze                   Ice            #...         87%         1    ##.....
 Infusion                 Chrm           #...         87%         1    ##.....
 Magic Dart               Conj           #...         87%         1    ##.....
 Pain                     Necr           #...         87%         1    ##.....
 Sandblast                Erth           #.....       87%         1    ##.....
 Shock                    Conj/Air       #...         87%         1    ##.....
 Sting                    Conj/Pois      #...         87%         1    ##.....
 Summon Butterflies       Summ           #.......     87%         1    ##.....
 Summon Small Mammal      Summ           #...         87%         1    ##.....
 Blink                    Tloc           N/A          95%         2    ###....
 Call Imp                 Summ           #.......     95%         2    ###....
 Corpse Rot               Necr           N/A          95%         2    ###....
 Ensorcelled Hibernation  Hex/Ice        #.....       95%         2    ###....
 Passwall                 Tmut/Erth      #.......     95%         2    ###....
 Poisonous Vapours        Pois/Air       #.....       95%         2    ###....
 Searing Ray              Conj           #.....       95%         2    ###....
 Shroud of Golubria       Chrm/Tloc      #.........   95%         2    ###....
 Slow                     Hex            #.......     95%         2    ###....
 Song of Slaying          Chrm           #.......     95%         2    ###....
 Sublimation of Blood     Necr           #.........   95%         2    ###....
 Swiftness                Chrm/Air       #.......     95%         2    ###....
 Throw Flame              Conj/Fire      #.....       95%         2    ###....
 Throw Frost              Conj/Ice       #.....       95%         2    ###....
 Call Canine Familiar     Summ           #.......     99%         3    ####...
 Confuse                  Hex            #.......     99%         3    ####...
 Conjure Flame            Conj/Fire      #.......     99%         3    ####...
 Dazzling Spray           Conj/Hex       #.....       99%         3    ####...
 Inner Flame              Hex/Fire       #.......     99%         3    ####...
 Lesser Beckoning         Tloc           #.........   99%         3    ####...
 Mephitic Cloud           Conj/Pois/Air  #.......     99%         3    ####...
 Ozocubu's Armour         Chrm/Ice       #.......     99%         3    ####...
 Portal Projectile        Hex/Tloc       #.....       99%         3    ####...
 Recall                   Summ/Tloc      N/A          99%         3    ####...
 Regeneration             Chrm/Necr      #.........   99%         3    ####...
 Spectral Weapon          Hex/Chrm       #.......     99%         3    ####...
 Static Discharge         Conj/Air       #.......     99%         3    ####...
 Stone Arrow              Conj/Erth      #.....       99%         3    ####...
 Summon Guardian Golem    Hex/Summ       #.......     99%         3    ####...
 Tukima's Dance           Hex            #.......     99%         3    ####...
 Vampiric Draining        Necr           #.........   99%         3    ####...
 Airstrike                Air            #.........   100%        4    #####..
 Animate Dead             Necr           N/A          100%        4    #####..
 Cause Fear               Hex            #.........   100%        4    #####..
 Force Lance              Conj/Tloc      #.......     100%        4    #####..
 Fulminant Prism          Conj/Hex       #.........   100%        4    #####..
 Ice Form                 Ice/Tmut       #.......     100%        4    #####..
 Iskenderun's Mystic Bla  Conj           #.......     100%        4    #####..
 Leda's Liquefaction      Hex/Erth       #.........   100%        4    #####..
 Olgreb's Toxic Radiance  Pois           #.......     100%        4    #####..
 Passage of Golubria      Tloc           N/A          100%        4    #####..
 Petrify                  Tmut/Erth      #.......     100%        4    #####..
 Sticky Flame             Conj/Fire      #.......     100%        4    #####..
 Summon Ice Beast         Ice/Summ       #.......     100%        4    #####..
 Summon Lightning Spire   Summ/Air       #.......     100%        4    #####..
 Throw Icicle             Conj/Ice       #.......     100%        4    #####..
 Agony                    Necr           #.......     100%        5    ######.
 Alistair's Intoxication  Tmut/Pois      #.......     100%        5    ######.
 Bolt of Draining         Conj/Necr      #.........   100%        5    ######.
 Bolt of Magma            Conj/Fire/Erth #.........   100%        5    ######.
 Borgnjor's Vile Clutch   Necr/Erth      #.........   100%        5    ######.
 Dispel Undead            Necr           #.......     100%        5    ######.
 Excruciating Wounds      Chrm/Necr      #.........   100%        5    ######.
 Fireball                 Conj/Fire      #.........   100%        5    ######.
 Irradiate                Conj/Tmut      #.........   100%        5    ######.
 Iskenderun's Battlesphe  Conj/Chrm      #.......     100%        5    ######.
 Lee's Rapid Deconstruct  Erth           #.........   100%        5    ######.
 Lightning Bolt           Conj/Air       #.........   100%        5    ######.
 Metabolic Englaciation   Hex/Ice        #.........   100%        5    ######.
 Silence                  Hex/Air        #.........   100%        5    ######.
 Venom Bolt               Conj/Pois      #.........   100%        5    ######.
 Yara's Violent Unravell  Hex/Tmut       #.........   100%        5    ######.
 Bolt of Cold             Conj/Ice       #.........   100%        6    #######
 Darkness                 Hex            #.........   100%        6    #######
 Death Channel            Necr           #.........   100%        6    #######
 Deflect Missiles         Chrm/Air       #.........   100%        6    #######
 Freezing Cloud           Conj/Ice/Air   #.........   100%        6    #######
 Hydra Form               Tmut           #.........   100%        6    #######
 Invisibility             Hex            #.......     100%        6    #######
 Iron Shot                Conj/Erth      #.........   100%        6    #######
 Ozocubu's Refrigeration  Ice            #.........   100%        6    #######
 Simulacrum               Ice/Necr       #.........   100%        6    #######
 Statue Form              Tmut/Erth      #........    100%        6    #######
 Dragon Form              Tmut           #.........   100%        7    #######
 Haunt                    Necr/Summ      #.........   100%        7    #######
 Orb of Destruction       Conj           #.........   100%        7    #######
 Ring of Flames           Chrm/Fire      #.........   100%        7    #######
 Spellforged Servitor     Conj/Summ      #.........   100%        7    #######
 Borgnjor's Revivificati  Necr           #.........   100%        8    #######
 Death's Door             Chrm/Necr      #.........   100%        8    #######
 Discord                  Hex            #.........   100%        8    #######
 Ignition                 Fire           #.........   100%        8    #######
 Infestation              Necr           #.........   100%        8    #######
 Necromutation            Tmut/Necr      #.........   100%        8    #######
 Shatter                  Erth           #.........   100%        9    #######
 Tornado                  Air            #.........   100%        9    #######


Dungeon Overview and Level Annotations

Branches:
Dungeon (15/15)            Temple (0/1) D:5            Lair (6/6) D:10
  Swamp (4/4) Lair:4        Snake (4/4) Lair:2        Slime (5/5) Lair:6
    Orc (2/2) D:9             Elf (3/3) Orc:2        Vaults (4/5) D:14
  Crypt (0/3) Vaults:3     Depths (5/5) D:15            Zot (5/5) Depths:5

Altars:
Okawaru
Trog
Vehumet
Xom
Zin
Beogh
Jiyva
Lugonu

Shops:
D:7 *   D:10 =   D:11 (   Orc:2 *?%%   Elf:1 [}:*[   Elf:3 [[[}=   Snake:3 %
Snake:4 :   Vaults:1 =   Vaults:3 }

Portals:
Hell: Depths:1 Depths:2 Depths:3 Depths:4 Depths:5
Abyss: Depths:2 Depths:4
Pandemonium: Depths:3 Depths:5
Ziggurat: Depths:5

Annotations:
D:7 3 runed translucent doors, exclusion: door, toxicsyntax's ghost, novice TrWn
Depths:3 1 runed translucent door, Beacw's ghost, adept VSGl


Innate Abilities, Weirdness & Mutations

You reflexively headbutt those who attack you in melee.
You have a pair of horns on your head.
You are partially covered in large bone plates. (SH +4)
You can translocate small distances at will.
Your flesh is cold resistant. (rC+)
You are dopey. (Int -2)
You occasionally shout uncontrollably at your foes.
Your movements are slightly less encumbered by armour. (ER -2)


Message History

You remove the ring "Jycucwer" {+Fly rElec SInv}.
g - a ring of protection from fire (right hand)
You completely miss the orb of fire.
The orb of fire glows bright magenta.
The bolt of fire hits you! You resist.
* * * LOW HITPOINT WARNING * * *
You completely miss the orb of fire. Your headbutt misses the orb of fire.
You miss the orb of fire.
The orb of fire emits a lurid red light.
The fireball explodes!
The fireball engulfs you!!! You resist.
* * * LOW HITPOINT WARNING * * *
The fireball engulfs the orb of fire.
The orb of fire completely resists.
You hear a shout!
You slash the orb of fire!
The orb of fire's magic leaks into the air.
You headbutt the orb of fire!
The orb of fire is lightly damaged.
The orb of fire glows red.
The bolt of fire hits you!!! You resist.
You die...

..## #....................#
..# #...................^#
..## #..................^.#
...# #^...................#
...## #.....(..............#
....###....................#
##...###........^.........##
##....##^............^.)##
###...........@*......##
#▓▓▓▓▓▓▓▓▓▓▓##.....▓▓
****,,,,,,,....^...▓*
***,,,,,,,,...........▓*
**,,,,,,,,^..*..........▓* *
*,,,,,,,,,........^......*
***,,,,,,,,,...............*
,**,,,,,,,,,..............▓*
,,*,,,,,,,,,,,,,,,,,,,,,,**


You could see an orb of fire.

Vanquished Creatures
  the Royal Jelly (Slime:5)
  4 ancient liches
  A juggernaut (Depths:3)
  Sojobo (Depths:3)
  Bai Suzhen (Depths:3)
  A Killer Klown (Zot:4)
  Frederick (Depths:5)
  2 curse toes
  8 golden dragons
  Nikola (Depths:1)
  the Enchantress (Depths:3)
  2 bone dragons (Depths:5)
  3 electric golems
  15 tentacled monstrosities
  8 Orb Guardians (Zot:5)
  4 liches
  3 titans
  3 deep elf master archers (Elf:3)
  4 quicksilver dragons
  14 acid blobs
  5 death cobs
  An ancient champion (Vaults:3)
  6 sphinxes
  Frances (Swamp:2)
  2 deep elf blademasters
  6 tengu reavers
  Kirke (D:12)
  A thorn hunter (Swamp:2)
  6 shadow dragons
  Donald (Vaults:3)
  10 draconian monks
  19 storm dragons
  10 fire giants
  10 nagarajas
  13 azure jellies
  7 deep elf sorcerers (Elf:3)
  3 draconian knights
  2 iron dragons
  10 frost giants
  An orc warlord (Orc:1)
  Louise (Swamp:4)
  4 draconian scorchers
  A balrug (Depths:1)
  3 deep elf elementalists (Elf:3)
  7 vault wardens
  Aizul (Swamp:1)
  5 draconian shifters
  A ghoul (Vaults:3)
  5 draconian annihilators
  2 entropy weavers
  4 spriggan defenders
  18 stone giants
  5 draconian stormcallers
  9 ironheart preservers
  28 very ugly things
  A reaper (Depths:3)
  16 green draconians
  17 black draconians
  5 dire elephants (Lair:6)
  13 white draconians
  5 deep elf demonologists
  11 deep elf annihilators
  6 red draconians
  15 purple draconians
  7 spark wasps
  A minotaur (Gauntlet)
  11 yellow draconians
  An eidolon (Vaults:3)
  2 green deaths (Swamp:4)
  9 deep elf death magi
  12 fire dragons
  8 ettins
  The ghost of Ivernyr the Fighter, a journeyman VSFi of Uskayaw (Lair:6)
  20 ogre magi
  6 rakshasas
  14 great orbs of eyes
  11 death oozes
  9 deep elf high priests
  27 naga warriors
  8 vault guards
  A shambling mangrove (Swamp:2)
  11 yaktaur captains
  A hell beast (Swamp:4)
  14 hydras
  9 ice dragons
  3 spriggan air magi
  15 centaur warriors
  A ghost crab (Swamp:4)
  11 anacondas
  11 alligators
  62 two-headed ogres
  7 deep troll shamans
  20 dancing weapons
  7 death yaks (Lair:6)
  6 deep troll earth magi
  9 spriggan berserkers
  3 vampire magi
  19 naga sharpshooters
  4 tengu warriors
  9 shock serpents
  A thrashing horror (Swamp:4)
  A soul eater (Depths:3)
  3 orc high priests
  2 sun demons (Depths:1)
  A small abomination (Elf:3)
  2 iron trolls (Depths:4)
  12 deep elf knights
  6 skeletal warriors
  3 death drakes (Depths:5)
  A death drake (shapeshifter) (Depths:3)
  A fire crab (shapeshifter) (Vaults:2)
  2 unseen horrors
  2 hell knights (Depths:3)
  4 salamander mystics
  5 spriggan druids
  2 shadow wraiths
  8 swamp dragons
  2 swamp dragons (shapeshifter)
  3 glowing orange brains
  22 deep trolls
  6 naga ritualists
  6 deep elf archers
  4 flayed ghosts
  An obsidian statue (D:13)
  Pikel (D:5)
  A lindwurm (Depths:5)
  2 harpies (shapeshifter)
  6 wizards
  A wolf spider zombie (D:9)
  9 ironbrand convokers
  14 orc knights
  37 deep elf magi
  A tengu skeleton (D:15)
  A sphinx zombie (D:15)
  3 oklob plants (Lair:2)
  13 mana vipers
  51 ugly things
  6 wolf spiders
  6 cyclopes
  A frost giant zombie (Vaults:3)
  6 shining eyes
  11 salamanders
  9 orc sorcerers
  A shadow dragon skeleton (Vaults:3)
  6 necromancers
  A sphinx skeleton (D:15)
  4 manticores
  A cyclops (shapeshifter) (Depths:1)
  50 black mambas
  29 moths of wrath
  A rust devil (Depths:3)
  14 vault sentinels
  2 guardian serpents
  A frost giant skeleton (Vaults:3)
  27 elephants
  2 eyes of devastation (Slime:3)
  34 naga magi
  23 spiny frogs
  3 orange demons (Swamp:4)
  A torpor snail (Lair:3)
  2 rime drakes (Lair:2)
  2 minotaur zombies (Gauntlet)
  A freezing wraith (D:14)
  4 komodo dragons
  28 yaktaurs
  A hellwing (Depths:3)
  9 tengu conjurers
  2 efreet (D:14)
  3 meliai (D:12)
  3 queen bees (shapeshifter)
  A queen bee (D:12)
  A wind drake (shapeshifter) (Depths:3)
  125 slime creatures
  A wind drake (Depths:5)
  5 trolls
  Grinder (D:5)
  15 hornets
  11 tyrant leeches
  8 bog bodies
  4 blink frogs (Lair:6)
  A slime creature (shapeshifter) (Depths:3)
  2 raiju (shapeshifter)
  2 human simulacra (Vaults:1)
  An ice dragon zombie (D:15)
  10 hippogriffs
  2 stone giant simulacra (Vaults:3)
  8 air elementals
  4 shadows
  2 wyverns
  3 redbacks
  11 spriggans
  33 yaks
  2 wraiths
  3 fire elementals
  4 water elementals
  3 hogs (D:12)
  A hog (shapeshifter) (Vaults:1)
  19 humans (D:14)
  A steam dragon (D:15)
  A hungry ghost (D:15)
  A large abomination (Swamp:4)
  A neqoxec (Depths:3)
  9 golden eyes
  27 vampire mosquitoes
  12 wargs
  Menkaure (D:6)
  2 soldier ants (shapeshifter)
  18 swamp worms
  7 acid dragons
  11 insubstantial wisps
  A naga (shapeshifter) (Depths:1)
  64 nagas
  A soldier ant (D:14)
  Duvessa (D:5)
  A deep troll zombie (Vaults:3)
  19 water moccasins
  6 porcupines
  2 floating eyes
  4 phantoms
  9 swamp drakes
  4 ice beasts
  An eye of draining (Slime:3)
  A sky beast (D:9)
  46 orc warriors
  42 ogres
  3 necrophages
  3 black bears
  10 boggarts
  29 centaurs
  30 wolves
  9 crocodiles
  A big kobold (shapeshifter) (Vaults:1)
  2 gnoll sergeants
  A wyvern zombie (D:13)
  13 bullfrogs
  4 earth elementals
  Dowan (D:5)
  2 scorpions
  A water moccasin skeleton (D:9)
  30 killer bees
  7 howler monkeys
  10 crimson imps
  3 centaur zombies
  3 bullfrog zombies
  9 jellies
  7 quasits
  3 hounds
  6 centaur skeletons
  35 orc priests
  An iron imp (Depths:3)
  4 iguanas
  Ijyb (D:5)
  27 orc wizards
  10 worker ants
  2 hound skeletons
  2 worker ant zombies
  17 gnolls
  19 adders
  7 shadow imps
  A white imp (Depths:3)
  4 ufetubi
  3 oozes
  2 adder zombies
  An adder skeleton (D:10)
  2 worms (D:2)
  3 dart slugs
  9 leopard geckos
  156 orcs
  4 giant cockroaches
  6 goblins
  9 hobgoblins
  6 jackals
  10 quokkas
  3 ball pythons
  4 bats
  4 frilled lizards
  2 jackal zombies
  8 kobolds
  2 leopard gecko skeletons
  A quokka skeleton (D:7)
  A quokka zombie (D:5)
  9 rats
  4 bushes (Elf:2)
  A crawling corpse (Zot:1)
  2 demonic plants (Gauntlet)
  6 fungi
  8 plants
  2 withered plants (D:15)
2441 creatures vanquished.

Vanquished Creatures (collateral kills)
  Mara (Elf:3)
  Jorgrun (Swamp:2)
  3 nagarajas (Snake:4)
  An azure jelly (Slime:5)
  A black draconian (Depths:5)
  A red draconian (Depths:5)
  A great orb of eyes (Slime:4)
  A naga warrior (Snake:4)
  An alligator (Swamp:2)
  3 death yaks (Lair:6)
  3 orc high priests (Orc:2)
  2 naga sharpshooters (Snake:4)
  A death drake (Depths:5)
  A swamp dragon (Swamp:2)
  A naga ritualist (Snake:4)
  4 orc knights (Orc:2)
  An orc sorcerer (D:12)
  A guardian serpent (Snake:4)
  2 eyes of devastation (Slime:4)
  4 naga magi (Snake:4)
  A hornet (Swamp:3)
  2 slime creatures (Swamp:4)
  A tyrant leech (Swamp:2)
  2 yaks (Lair:6)
  3 golden eyes (Slime:4)
  A swamp worm (Swamp:2)
  An insubstantial wisp (Swamp:1)
  A naga (Snake:4)
  9 orc warriors
  An eye of draining (Slime:4)
  3 orc priests (Orc:2)
  3 orcs
62 creatures vanquished.

Vanquished Creatures (others)
  A draconian scorcher (Zot:4)
  A draconian knight (Zot:4)
  A draconian annihilator (Zot:4)
  A yellow draconian (Zot:4)
  A wizard (D:14)
  A naga ritualist (Snake:4)
  2 deep elf magi (Elf:2)
  A moth of wrath (Zot:1)
  A swamp worm (Swamp:2)
  A swamp drake (Depths:5)
  2 boggarts
  An ogre (Vaults:3)
  A crawling corpse (Zot:1)
  6 demonic plants (Gauntlet)
  9 fungi
  7 plants
37 creatures vanquished.

Grand Total: 2540 creatures vanquished

Notes
Turn   | Place    | Note
-------+----------+-------------------------------------------
     0 | D:1      | Rasgorn the Minotaur Berserker began the quest for the Orb.
     0 | D:1      | Reached XP level 1. HP: 19/19 MP: 0/0
   243 | D:1      | Reached XP level 2. HP: 19/27 MP: 1/1
   929 | D:1      | Reached ** piety under Trog
   929 | D:1      | Reached XP level 3. HP: 33/33 MP: 2/2
  1985 | D:2      | Noticed a moth of wrath
  1988 | D:2      | Found a bloodstained altar of Trog.
  2010 | D:2      | Reached skill level 1 in Shields
  2660 | D:3      | Reached XP level 4. HP: 40/40 MP: 3/3
  3086 | D:3      | Reached XP level 5. HP: 26/47 MP: 4/4
  3262 | D:3      | Noticed an ogre
  3276 | D:3      | Killed an ogre
  3276 | D:3      | Reached skill level 2 in Shields
  3412 | D:3      | Reached XP level 6. HP: 55/55 MP: 5/5
  3844 | D:4      | Reached skill level 5 in Axes
  3854 | D:4      | Reached skill level 5 in Fighting
  3909 | D:4      | Reached *** piety under Trog
  3909 | D:4      | Reached skill level 3 in Shields
  4317 | D:5      | Entered Level 5 of the Dungeon
  4359 | D:5      | Noticed Ijyb
  4375 | D:5      | Killed Ijyb
  4410 | D:5      | Reached XP level 7. HP: 61/61 MP: 6/6
  4415 | D:5      | Found a staircase to the Ecumenical Temple.
  4419 | D:5      | Noticed Grinder
  4432 | D:5      | Killed Grinder
  4432 | D:5      | Reached skill level 5 in Armour
  4454 | D:5      | Noticed Duvessa
  4454 | D:5      | Noticed Dowan
  4465 | D:5      | Killed Duvessa
  4465 | D:5      | Reached skill level 4 in Shields
  4468 | D:5      | Killed Dowan
  4523 | D:5      | Reached skill level 5 in Dodging
  4533 | D:5      | Reached XP level 8. HP: 51/70 MP: 7/7
  4881 | D:5      | Noticed Pikel
  4900 | D:5      | Killed Pikel
  4900 | D:5      | Reached skill level 5 in Shields
  5438 | D:6      | Reached skill level 6 in Shields
  5438 | D:6      | Reached XP level 9. HP: 79/79 MP: 8/8
  5875 | D:6      | Noticed Menkaure
  5878 | D:6      | Killed Menkaure
  6652 | D:7      | Identified the +7 spear of Pandemonium {freeze, +Fly rPois
                  | rF- Stlth+}
  6652 | D:7      | Identified the +7 chain mail of the Swamp {MR+ Str+4}
  6767 | D:7      | Reached **** piety under Trog
  6841 | D:7      | Found Zuzoivod's General Store.
  6847 | D:7      | Bought a potion of degeneration for 10 gold pieces
  7097 | D:7      | Found a runed translucent gate.
  7312 | D:7      | Found a runed translucent gate.
  7312 | D:7      | Noticed toxicsyntax's ghost (novice TrWn)
  7313 | D:7      | Found a runed translucent gate.
  7319 | D:7      | Found a roughly hewn altar of Beogh.
  7552 | D:8      | Reached skill level 7 in Shields
  7766 | D:8      | Reached XP level 10. HP: 81/89 MP: 9/9
  8405 | D:9      | Received a gift from Trog
  8438 | D:9      | Found a staircase to the Orcish Mines.
  8453 | D:9      | Reached skill level 10 in Axes
  8465 | D:9      | Found a roughly hewn altar of Beogh.
  8620 | D:9      | Reached skill level 8 in Shields
  8627 | D:9      | Found a roughly hewn altar of Beogh.
  8784 | D:9      | Reached ***** piety under Trog
  9125 | D:10     | Entered Level 10 of the Dungeon
  9202 | D:10     | Reached XP level 11. HP: 91/97 MP: 10/10
  9221 | D:10     | Found a staircase to the Lair.
  9327 | D:10     | Received a gift from Trog
  9518 | D:10     | Noticed a two-headed ogre
  9522 | D:10     | Killed a two-headed ogre
  9525 | D:10     | Found Viaf's Jewellery Shoppe.
  9981 | Lair:1   | Entered Level 1 of the Lair of Beasts
  9990 | Lair:1   | Reached skill level 9 in Shields
 10034 | Lair:1   | Reached skill level 10 in Fighting
 10735 | Lair:2   | Found a gate leading to a gauntlet.
 10855 | Gauntlet | Entered a Gauntlet
 10855 | Gauntlet | Found a transporter.
 10855 | Gauntlet | Found a transporter.
 10855 | Gauntlet | Found a transporter.
 10855 | Gauntlet | Noticed a tengu warrior
 10855 | Gauntlet | Noticed an oklob plant
 10856 | Gauntlet | Found a transporter.
 10859 | Gauntlet | Found a transporter.
 10859 | Gauntlet | Found a transporter.
 10869 | Gauntlet | Noticed a wizard
 10871 | Gauntlet | Found a transporter.
 10873 | Gauntlet | Found a transporter.
 10882 | Gauntlet | Noticed a wretched star
 10883 | Gauntlet | Found a transporter.
 10913 | Gauntlet | Found a transporter.
 10914 | Gauntlet | Noticed a red ugly thing
 10914 | Gauntlet | Noticed a great orb of eyes
 10931 | Gauntlet | Found a transporter.
 10935 | Gauntlet | Found a transporter.
 10936 | Gauntlet | Noticed a death ooze
 11074 | Gauntlet | Killed a tengu warrior
 11074 | Gauntlet | Reached skill level 10 in Armour
 11133 | Gauntlet | Killed a death ooze
 11177 | Gauntlet | Killed a great orb of eyes
 11177 | Gauntlet | Reached XP level 12. HP: 107/107 MP: 11/11
 11203 | Gauntlet | Got a crude golden ring
 11221 | Gauntlet | Identified the ring "Jycucwer" {+Fly rElec SInv} (You found
                  | it in a Gauntlet)
 11240 | Gauntlet | Noticed a minotaur
 11256 | Gauntlet | Killed a minotaur
 11513 | Gauntlet | Identified the Almanac of Arcane Weapons and Orientation
 11522 | Lair:2   | Reached skill level 10 in Shields
 11846 | Lair:2   | Reached skill level 10 in Dodging
 12360 | Lair:2   | Found a staircase to the Snake Pit.
 12685 | Lair:3   | Noticed a seven-headed hydra
 12697 | Lair:3   | Killed a seven-headed hydra
 12817 | Lair:3   | Reached skill level 1 in Maces & Flails
 13131 | Lair:3   | Found a runed translucent door.
 13133 | Lair:3   | Noticed an eight-headed hydra
 13433 | Lair:4   | Found a staircase to the Swamp.
 13849 | Lair:4   | Reached skill level 11 in Shields
 14074 | Lair:4   | Reached skill level 5 in Maces & Flails
 14225 | Lair:4   | You fall through a shaft!
 14286 | Lair:5   | Reached XP level 13. HP: 116/116 MP: 12/12
 15221 | Lair:6   | Entered Level 6 of the Lair of Beasts
 15484 | Lair:6   | Received a gift from Trog
 15533 | Lair:6   | Reached skill level 12 in Shields
 15551 | Lair:6   | Found a runed translucent door.
 15551 | Lair:6   | Found a shimmering altar of Xom.
 15551 | Lair:6   | Noticed Ivernyr's ghost (journeyman VSFi)
 15578 | Lair:6   | Killed Ivernyr's ghost
 15790 | Lair:6   | Reached skill level 15 in Axes
 15817 | Lair:6   | Found a staircase to the Slime Pits.
 16356 | Lair:6   | Reached XP level 14. HP: 124/124 MP: 13/13
 16365 | Lair:6   | Reached skill level 15 in Dodging
 17984 | D:7      | Bought a scroll of acquirement for 520 gold pieces
 18136 | D:11     | Got an ancient ring mail
 18179 | D:11     | Reached skill level 13 in Shields
 18381 | D:11     | Found Qummigu's Weapon Shop.
 18636 | D:11     | Identified the cursed +1 ring mail of Peomiec {Regen+} (You
                  | found it on level 11 of the Dungeon)
 19122 | Orc:1    | Entered Level 1 of the Orcish Mines
 19130 | Orc:1    | Noticed an orc warlord
 19153 | Orc:1    | Killed an orc warlord
 19675 | Orc:2    | Entered Level 2 of the Orcish Mines
 20173 | Orc:2    | Found a staircase to the Elven Halls.
 20879 | Orc:2    | Found Numuineu's Food Emporium.
 20882 | Orc:2    | Found Huawk's Magic Scroll Shoppe.
 20883 | Orc:2    | Found Loum's Food Emporium.
 20884 | Orc:2    | Found Noatethe's General Store.
 20888 | Orc:2    | Bought a scroll of acquirement for 624 gold pieces
 20888 | Orc:2    | Bought a scroll of fear for 42 gold pieces
 20888 | Orc:2    | Bought 2 scrolls of teleportation for 72 gold pieces
 20888 | Orc:2    | Bought a scroll of teleportation for 36 gold pieces
 20890 | Orc:2    | Bought a +1 hat for 121 gold pieces
 21128 | D:10     | Bought an uncursed amulet of regeneration for 480 gold
                  | pieces
 21365 | D:12     | Noticed Kirke
 21384 | D:12     | Killed Kirke
 21384 | D:12     | Reached XP level 15. HP: 105/132 MP: 14/14
 21776 | D:12     | Found a runed translucent door.
 22115 | D:12     | Found a roughly hewn altar of Beogh.
 22283 | D:13     | Found Jexzid's Magic Scroll Shoppe.
 22288 | D:13     | Bought a scroll of noise for 14 gold pieces
 22606 | D:13     | Reached skill level 14 in Shields
 23347 | D:14     | Received a gift from Trog
 23392 | D:14     | Identified the cursed +1 scale mail "Jusilu" {*Slow rF+
                  | Regen+ Str+7}
 23465 | D:14     | Found a gate to the Vaults.
 23580 | D:15     | Entered Level 15 of the Dungeon
 23685 | D:15     | Reached skill level 1 in Long Blades
 24019 | D:15     | Reached XP level 16. HP: 135/143 MP: 5/15
 24100 | D:15     | Found a staircase to the Depths.
 24155 | D:15     | Received a gift from Trog
 24910 | Swamp:1  | Entered Level 1 of the Swamp
 25021 | Swamp:1  | Reached skill level 15 in Shields
 25029 | Swamp:1  | Noticed Aizul
 25043 | Swamp:1  | Killed Aizul
 25222 | Swamp:1  | Got a crude copper ring
 25661 | Swamp:1  | Identified the ring "Rituqot" {*Slow +Fly MR+ Str+3} (You
                  | found it on level 1 of the Swamp)
 25686 | Swamp:2  | Noticed Jorgrun
 25700 | Swamp:2  | Killed Jorgrun
 25706 | Swamp:2  | Received a gift from Trog
 25729 | Swamp:2  | Reached skill level 5 in Long Blades
 26071 | Swamp:2  | Noticed a thorn hunter
 26084 | Swamp:2  | Killed a thorn hunter
 26182 | Swamp:2  | Noticed Frances
 26197 | Swamp:2  | Gained mutation: You are clumsy. (Dex -2) [a neqoxec]
 26206 | Swamp:2  | Killed Frances
 26739 | Swamp:3  | Got a scorched dagger
 26740 | Swamp:3  | Identified the +9 dagger of the Penguin {pierce, MP+9 SInv}
                  | (You found it on level 3 of the Swamp)
 27472 | Swamp:4  | Entered Level 4 of the Swamp
 27781 | Swamp:4  | Reached skill level 16 in Shields
 27781 | Swamp:4  | Reached XP level 17. HP: 109/151 MP: 5/16
 28512 | Swamp:4  | Got a decaying rune of Zot
 28696 | Swamp:4  | Noticed Louise
 28731 | Swamp:4  | Killed Louise
 29085 | Snake:1  | Entered Level 1 of the Snake Pit
 29336 | D:10     | Bought an uncursed ring of fire for 400 gold pieces
 30002 | Snake:1  | Reached skill level 10 in Maces & Flails
 30503 | Snake:1  | Reached skill level 17 in Shields
 31192 | Snake:1  | Received a gift from Trog
 31980 | Snake:2  | Reached XP level 18. HP: 155/160 MP: 0/17
 32101 | Snake:2  | Found a glowing silver altar of Zin.
 32452 | Snake:3  | Found Kihujonu's Food Shoppe.
 32498 | Snake:3  | Received a gift from Trog
 32874 | Snake:3  | Reached skill level 15 in Fighting
 33027 | Snake:4  | Entered Level 4 of the Snake Pit
 33483 | Snake:4  | Reached skill level 18 in Shields
 33551 | Snake:4  | Reached skill level 10 in Long Blades
 33673 | Snake:4  | Found Fedikoc's Book Emporium.
 33699 | Snake:4  | Reached skill level 15 in Armour
 34554 | Snake:4  | Reached XP level 19. HP: 170/170 MP: 6/18
 35144 | Snake:4  | Got a serpentine rune of Zot
 35488 | Vaults:1 | Entered Level 1 of the Vaults
 35488 | Vaults:1 | Found Barorr's Jewellery Shop.
 35707 | Vaults:1 | Reached skill level 19 in Shields
 36143 | Vaults:1 | Paralysed by a wizard for 3 turns
 37747 | Vaults:2 | Reached XP level 20. HP: 137/182 MP: 6/19
 39325 | Vaults:3 | Found a staircase to the Crypt.
 39330 | Vaults:3 | Noticed Donald
 39358 | Vaults:3 | Killed Donald
 39453 | Vaults:3 | Reached skill level 1 in Evocations
 39588 | Vaults:3 | Found Iloegan's Gadget Emporium.
 40115 | Vaults:3 | Received a gift from Trog
 40845 | Vaults:4 | Reached skill level 20 in Shields
 41241 | Vaults:4 | Reached XP level 21. HP: 191/191 MP: 7/22
 41436 | Vaults:4 | Reached skill level 15 in Long Blades
 41840 | Elf:1    | Entered Level 1 of the Elven Halls
 41969 | Elf:1    | Found Xitheb's Antique Armour Boutique.
 41978 | Elf:1    | Bought a pair of glowing boots for 142 gold pieces
 42177 | Elf:1    | Found Siyxing's Gadget Emporium.
 42190 | Elf:1    | Lost mutation: You are clumsy. (Dex -2) [potion of
                  | mutation]
 42190 | Elf:1    | Gained mutation: Your mind is acute. (Int +2) [potion of
                  | mutation]
 42190 | Elf:1    | Gained mutation: You are partially covered in slimy green
                  | scales. (AC +2) [potion of mutation]
 42227 | Elf:1    | Found Loicaobb's Assorted Antiques.
 42235 | Elf:1    | Found Heqeaclal's Book Boutique.
 42264 | Elf:1    | Bought an ancient plate armour for 952 gold pieces
 42276 | Elf:1    | Identified the +6 plate armour of the Old World {Str+2
                  | Slay+6} (You bought it in a shop on level 1 of the Elven
                  | Halls)
 42276 | Elf:1    | Bought a pair of embroidered gloves for 255 gold pieces
 42629 | Elf:1    | Found Dailu's Armour Boutique.
 42951 | Elf:1    | Bought a scratched emerald ring for 170 gold pieces
 43280 | Elf:2    | Found a runed translucent gate.
 43282 | Elf:2    | Found a runed translucent gate.
 43285 | Elf:2    | Found a runed translucent gate.
 43494 | Elf:2    | Received a gift from Trog
 43501 | Elf:2    | Got a polished demon whip {god gift}
 43872 | Elf:3    | Entered Level 3 of the Elven Halls
 43872 | Elf:3    | Found a radiant altar of Vehumet.
 44030 | Elf:3    | Reached skill level 5 in Evocations
 44301 | Elf:3    | Found Boergh Loafo's Armour Emporium.
 44305 | Elf:3    | Found Figezat's Armour Shoppe.
 44305 | Elf:3    | Found Aqarumosm's Armour Emporium.
 44313 | Elf:3    | Found Esicvi's Gadget Shoppe.
 44360 | Elf:3    | Found Ykkabyar's Jewellery Shoppe.
 44746 | Elf:3    | Noticed Mara
 45005 | Elf:3    | Identified the +7 short sword of Spontaneous Combustion
                  | {venom, rElec rN+ Int+2 SInv}
 45017 | Elf:3    | Noticed Rasgorn's illusion
 45053 | Elf:3    | Killed Mara
 45637 | Elf:3    | Reached XP level 22. HP: 199/200 MP: 9/27
 45648 | Elf:3    | Found the +2 hat of the Bear Spirit {Spirit, +Rage rN+
                  | MR++}
 45820 | Elf:3    | Got encrusted ice dragon scales
 45831 | Elf:3    | Identified the +3 ice dragon scales of Pleasant Breezes
                  | {+Inv rF- rC++ Str-3 Int+6} (You found it on level 3 of the
                  | Elven Halls)
 45926 | Elf:3    | Got a bloodstained whip
 45927 | Elf:3    | Identified the +3 whip "Udauhuc" {antimagic, *Slow rElec
                  | rN+++ Int-3} (You found it on level 3 of the Elven Halls)
 45931 | Elf:3    | Got a jewelled falchion
 45932 | Elf:3    | Identified the cursed +0 falchion "Jout" {venom, MR+} (You
                  | found it on level 3 of the Elven Halls)
 45957 | Elf:3    | Got a transparent short sword
 45958 | Elf:3    | Identified the +9 short sword "Jefiatan" {pierce, MP+9
                  | Stlth+} (You found it on level 3 of the Elven Halls)
 46123 | Elf:3    | Bought an uncursed ring of resist corrosion for 300 gold
                  | pieces
 46365 | Lair:2   | Got a twitching amber ring
 46367 | Lair:2   | Identified the ring of Wenaniz {rPois rN+ AC+3 Int-4} (You
                  | found it on level 2 of the Lair of Beasts)
 46822 | Depths:1 | Entered Level 1 of the Depths
 46880 | Depths:1 | Noticed Nikola
 46900 | Depths:1 | Killed Nikola
 47213 | Depths:1 | Found a gateway to Hell.
 47767 | Depths:1 | Identified the ring "Qoschud" {rElec Str+2 Int+4 Stlth-}
 47794 | Depths:1 | Identified the cursed +0 scimitar of Causality {antimagic,
                  | rElec Str+6 Int-5}
 47935 | Depths:2 | Found a transporter.
 47949 | Depths:2 | Reached skill level 21 in Shields
 47998 | Depths:2 | Found a flickering gateway to a bazaar.
 48004 | Bazaar   | Entered a bazaar
 48004 | Bazaar   | Found Xoladur's Armour Boutique.
 48008 | Bazaar   | Found Zuofynef's Assorted Antiques.
 48044 | Bazaar   | Found Aqizamn's Food Emporium.
 48054 | Bazaar   | Found Foakhleag's Weapon Shoppe.
 48112 | Bazaar   | Bought a +2 pair of gloves of strength for 236 gold pieces
 48688 | Depths:2 | Found a corrupted altar of Lugonu.
 48692 | Depths:2 | Found a one-way gate to the infinite horrors of the Abyss.
 48783 | Depths:2 | Received a gift from Trog
 48795 | Depths:2 | Found a runed translucent door.
 48822 | Depths:2 | Reached skill level 10 in Evocations
 49225 | Depths:2 | Found a transporter.
 49271 | Depths:2 | Gained mutation: Scrolls take you a little longer to read.
                  | [a shining eye]
 49293 | Depths:2 | Got a slimy lapis lazuli ring
 49347 | Depths:2 | Identified the ring of Begacuufef {Fire rN++ Int-4 Dex+4}
                  | (You found it on level 2 of the Depths)
 49484 | Depths:2 | Identified the Volume of Entrancing Lightness
 49551 | Depths:3 | Identified the +4 faerie dragon scales {MR+ rCorr MP+4}
 49551 | Depths:3 | Noticed the Enchantress
 49568 | Depths:3 | Reached XP level 23. HP: 151/211 MP: 6/29
 49597 | Depths:3 | Killed the Enchantress
 49659 | Depths:3 | Noticed Sojobo
 49854 | Depths:3 | Killed Sojobo
 50172 | Depths:3 | Found a runed translucent door.
 50172 | Depths:3 | Found a shimmering altar of Xom.
 50172 | Depths:3 | Noticed Beacw's ghost (adept VSGl)
 50225 | Depths:3 | Noticed Bai Suzhen
 50237 | Depths:3 | Killed Bai Suzhen
 50237 | Depths:3 | Reached skill level 22 in Shields
 50414 | Depths:3 | Received a gift from Trog
 50675 | Depths:3 | Found a one-way gate leading to the halls of Pandemonium.
 50687 | Depths:3 | Gained mutation: You are clumsy. (Dex -2) [a neqoxec]
 51336 | Depths:3 | Identified the +3 scimitar "Qicetz" {vamp, rN++ Str+2}
 51336 | Depths:3 | Identified the amulet "Loyfabyl" {Spirit *Drain rElec
                  | rPois}
 51413 | Depths:3 | Got a glittering iron ring
 51416 | Depths:3 | Identified the ring of Nioc {Str+2 Int+3 Dex+2} (You found
                  | it on level 3 of the Depths)
 51803 | Depths:3 | Noticed a juggernaut
 51811 | Depths:3 | Noticed an ancient lich
 51821 | Depths:3 | Killed a juggernaut
 52014 | Depths:3 | Killed an ancient lich
 52534 | Depths:4 | Noticed an ancient lich
 52539 | Depths:4 | Received a gift from Trog
 52555 | Depths:4 | Killed an ancient lich
 52555 | Depths:4 | Reached skill level 23 in Shields
 53126 | Depths:4 | Reached XP level 24. HP: 224/224 MP: 9/29
 53630 | Depths:4 | Identified the amulet of Saongubb {RegenMP SInv}
 53659 | Depths:4 | Got a brightly glowing iron amulet
 53672 | Depths:4 | Identified the amulet of the Stag {Inacc rN+ Str-3 Dex+2
                  | SInv} (You found it on level 4 of the Depths)
 53918 | Depths:5 | Entered Level 5 of the Depths
 53923 | Depths:5 | Noticed Frederick
 53947 | Depths:5 | Killed Frederick
 53960 | Depths:5 | Reached ****** piety under Trog
 54067 | Depths:5 | Reached skill level 24 in Shields
 54397 | D:13     | Bought 2 scrolls of enchant armour for 210 gold pieces
 54397 | D:13     | Bought a scroll of identify for 28 gold pieces
 54397 | D:13     | Bought a scroll of remove curse for 42 gold pieces
 54397 | D:13     | Bought a scroll of identify for 28 gold pieces
 54397 | D:13     | Bought a scroll of enchant weapon for 105 gold pieces
 54397 | D:13     | Bought a scroll of magic mapping for 49 gold pieces
 54397 | D:13     | Bought a scroll of identify for 28 gold pieces
 54397 | D:13     | Bought 2 scrolls of remove curse for 84 gold pieces
 54397 | D:13     | Bought a scroll of enchant armour for 105 gold pieces
 54397 | D:13     | Bought a scroll of remove curse for 42 gold pieces
 54753 | Elf:3    | Lost mutation: Scrolls take you a little longer to read.
                  | [potion of mutation]
 54753 | Elf:3    | Lost mutation: You are clumsy. (Dex -2) [potion of
                  | mutation]
 54753 | Elf:3    | Lost mutation: Your mind is acute. (Int +2) [potion of
                  | mutation]
 54753 | Elf:3    | Lost mutation: You are partially covered in slimy green
                  | scales. (AC +2) [potion of mutation]
 54753 | Elf:3    | Gained mutation: You can translocate small distances at
                  | will. [potion of mutation]
 54753 | Elf:3    | Gained mutation: Your mind is acute. (Int +2) [potion of
                  | mutation]
 55204 | Depths:3 | Got a transparent scimitar
 55205 | Depths:3 | Identified the cursed +1 scimitar of Plague {slice, MR+
                  | Dex+4} (You found it on level 3 of the Depths)
 55329 | Depths:4 | Got an ebony rapier
 55330 | Depths:4 | Identified the +6 rapier of Wounding {venom, *Noise rPois
                  | rC+} (You found it on level 4 of the Depths)
 55607 | D:5      | Got a crude spear
 55619 | D:5      | Identified the +10 spear of the Sun {pierce, *Slow rElec
                  | Str+10 Int+2} (You found it on level 5 of the Dungeon)
 56031 | Depths:5 | Found a gateway to a ziggurat.
 56363 | Depths:5 | Found an iron altar of Okawaru.
 56749 | Depths:5 | Received a gift from Trog
 56840 | Depths:5 | Found a gate to the Realm of Zot.
 57424 | Depths:5 | Got a faintly glowing war axe {god gift}
 57447 | Depths:5 | Identified the +2 war axe of Chaos {speed, rElec Str+2
                  | Int+4} (Trog gifted it to you on level 5 of the Depths)
 57875 | Slime:1  | Entered Level 1 of the Pits of Slime
 57996 | Slime:3  | Reached skill level 25 in Shields
 58143 | Slime:5  | Entered Level 5 of the Pits of Slime
 58183 | Slime:5  | Reached XP level 25. HP: 206/221 MP: 27/29
 58193 | Slime:5  | Gained mutation: You occasionally shout uncontrollably at
                  | your foes. [a shining eye]
 58196 | Slime:5  | Gained mutation: You are clumsy. (Dex -2) [a shining eye]
 58327 | Slime:4  | Gained mutation: Your movements are slightly less
                  | encumbered by armour. (ER -2) [a shining eye]
 58774 | Slime:5  | Found a viscous altar of Jiyva.
 58865 | Slime:5  | Noticed the Royal Jelly
 58884 | Slime:5  | Killed the Royal Jelly
 59053 | Slime:5  | Got a slimy rune of Zot
 59259 | Slime:5  | Got a crystal falchion
 59272 | Slime:5  | Got a blackened plate armour
 59273 | Slime:5  | Identified the cursed +0 falchion "Boolal" {slice, +Blink
                  | rPois rN++ Dex-2} (You found it on level 5 of the Pits of
                  | Slime)
 59274 | Slime:5  | Identified the +10 plate armour of Tiuxoh {rElec Regen+}
                  | (You found it on level 5 of the Pits of Slime)
 59302 | Slime:5  | Got a translucent scale mail
 59313 | Slime:5  | Got a crude scale mail
 59314 | Slime:5  | Identified the +1 scale mail of Repulsion {Str+8} (You
                  | found it on level 5 of the Pits of Slime)
 59315 | Slime:5  | Identified the +3 scale mail of the Queen {+Fly Str-2
                  | Stlth+} (You found it on level 5 of the Pits of Slime)
 59363 | Slime:3  | Gained mutation: You tend to lose your temper in combat. [a
                  | shining eye]
 59823 | Zot:1    | Entered Level 1 of the Realm of Zot
 59843 | Depths:5 | Reached skill level 1 in Stealth
 59906 | Depths:5 | Lost mutation: You are clumsy. (Dex -2) [potion of
                  | mutation]
 59906 | Depths:5 | Lost mutation: Your mind is acute. (Int +2) [potion of
                  | mutation]
 59906 | Depths:5 | Lost mutation: You tend to lose your temper in combat.
                  | [potion of mutation]
 59906 | Depths:5 | Gained mutation: You are dopey. (Int -2) [potion of
                  | mutation]
 59906 | Depths:5 | Gained mutation: You are partially covered in large bone
                  | plates. (SH +4) [potion of mutation]
 59906 | Depths:5 | Gained mutation: Your flesh is cold resistant. (rC+)
                  | [potion of mutation]
 60197 | Zot:1    | Noticed an ancient lich
 60217 | Zot:1    | Killed an ancient lich
 60268 | Zot:1    | Noticed an ancient lich
 60480 | Zot:1    | Killed an ancient lich
 60489 | Zot:1    | Reached skill level 5 in Stealth
 60954 | Zot:1    | Reached XP level 26. HP: 206/232 MP: 10/30
 61222 | Zot:1    | Found a shimmering altar of Xom.
 61275 | Zot:1    | You fall through a shaft!
 61783 | Zot:2    | Noticed an orb of fire
 62227 | Zot:3    | Received a gift from Trog
 63401 | Zot:4    | Reached skill level 10 in Stealth
 63583 | Zot:4    | HP: 9/234 [the power of Zot (22)]
 63584 | Zot:4    | HP: 1/234 [yellow draconian knight/bolt of cold (10)]
 64167 | Zot:5    | Entered Level 5 of the Realm of Zot
 64273 | Zot:5    | Reached XP level 27. HP: 254/254 MP: 10/31
 64670 | Zot:5    | Noticed an orb of fire
 64682 | Zot:5    | Killed from afar by an orb of fire

Skill      XL: |  1  2  3  4  5  6  7  8  9 10 11 12 13 14 15 16 17 18 19 20 21 22 23 24 25 26 27 |
---------------+----------------------------------------------------------------------------------+-----
Axes           | 4 5 6 7 9 11 12 14 15 16 17 | 17.5
Fighting       | 4 5 6 7 8 9 10 11 12 13 14 15 16 17 18 20 21 22 | 22.2
Armour         | 3 4 5 6 7 9 10 11 12 13 14 15 16 17 18 19 20 21 23 24 | 24.3
Shields        | 1 2 3 4 6 7 8 9 11 12 13 14 16 17 18 19 20 21 23 25 | 25.0
Dodging        | 3 4 5 6 7 8 9 10 14 16 17 18 19 20 21 22 | 22.0
Maces & Flails | 5 7 9 11 | 11.9
Long Blades    | 2 6 8 10 13 14 16 | 16.0
Evocations     | 3 9 10 11 12 | 12.7
Stealth        | 6 10 | 10.0

Action                   |  1- 3 |  4- 6 |  7- 9 | 10-12 | 13-15 | 16-18 | 19-21 | 22-24 | 25-27 || total
-------------------------+-------+-------+-------+-------+-------+-------+-------+-------+-------++-------
Melee: Hand axe          |    69 |       |       |       |       |       |       |       |       ||    69
       Headbutt          |    16 |    26 |    56 |   179 |   361 |   459 |   559 |   608 |   537 ||  2801
       War axe           |    54 |   158 |   110 |       |       |       |       |   187 |   672 ||  1181
       Broad axe         |       |       |   146 |   681 |  1213 |  1774 |  1923 |  1627 |   821 ||  8185
       Whip              |       |       |       |    19 |    98 |       |       |       |       ||   117
       Scimitar          |       |       |       |       |     7 |    55 |       |       |       ||    62
       Eveningstar       |       |       |       |       |       |     4 |       |       |       ||     4
       Double sword      |       |       |       |       |       |       |    36 |       |       ||    36
Throw: Javelin           |       |       |       |       |       |       |     1 |       |       ||     1
Invok: Trog's Hand       |     1 |     3 |     7 |    20 |    36 |    48 |    69 |    35 |    22 ||   241
       Berserk           |       |     2 |     1 |     4 |     6 |     1 |     1 |       |     1 ||    16
       Brothers in Arms  |       |       |       |     1 |     6 |    10 |     5 |     3 |     5 ||    30
 Abil: Stop Flying       |       |       |       |       |       |       |     3 |       |       ||     3
       Evoke Flight      |       |       |       |       |       |       |     2 |       |       ||     2
       Evoke Invisibilit |       |       |       |       |       |       |       |     1 |     2 ||     3
       Blink             |       |       |       |       |       |       |       |     2 |     2 ||     4
Evoke: Box of beasts     |       |       |       |       |     1 |       |       |       |       ||     1
       Wand              |       |       |       |       |       |     1 |     1 |     4 |       ||     6
       Sack of spiders   |       |       |       |       |       |       |     1 |       |       ||     1
  Use: Scroll            |     3 |     1 |     9 |     8 |    13 |    17 |    14 |    19 |    13 ||    97
       Potion            |       |       |     8 |       |     3 |     5 |     3 |     5 |    10 ||    34
 Stab: Distracted        |       |       |       |       |     1 |     2 |     1 |     1 |       ||     5
       Invisible         |       |       |       |       |       |       |       |     2 |     5 ||     7
  Eat: Chunk             |     2 |     9 |    14 |    21 |    36 |    30 |    35 |    18 |    14 ||   179
       Ration            |     1 |       |       |     4 |     5 |     9 |     9 |    11 |     6 ||    45
Armor: Animal skin       |    12 |       |       |       |       |       |       |       |       ||    12
       Ring mail         |     9 |       |       |       |       |       |       |       |       ||     9
       Scale mail        |    15 |    40 |    58 |       |       |       |       |       |       ||   113
       Plate armour      |       |       |       |   209 |   322 |   600 |   431 |   225 |   507 ||  2294
       Ice dragon scales |       |       |       |       |       |       |       |   186 |       ||   186
       Gold dragon scale |       |       |       |       |       |       |       |   123 |    65 ||   188
Dodge: Dodged            |    38 |    59 |   100 |   285 |   563 |   615 |   456 |   660 |   735 ||  3511
Block: Shield            |     9 |       |       |       |       |       |       |       |       ||     9
       Large shield      |    43 |   135 |   216 |   698 |  1314 |  2091 |  1674 |  1835 |  2020 || 10026
       Rpst.: Scimitar   |       |       |       |       |       |     8 |       |       |       ||     8
       Double sword      |       |       |       |       |       |       |     5 |       |       ||     5
